 Dungeon Crawl Stone Soup version 0.29-a0-88-g03a7b78be7 (webtiles) character file.

Game seed: 15010379568281595564

2 Hubjo the Vexing (level 1, -1/13 HPs)
             Began as a Vampire Enchanter on Feb 5, 2022.
             Succumbed to an adder's poison
             ... on level 3 of the Dungeon.
             The game lasted 00:00:37 (207 turns).

Hubjo the Vexing (Vampire Enchanter)                 Turns: 207, Time: 00:00:38

Health: -1/13      AC:  2    Str:  7    XL:     1   Next: 25%
Magic:  3/3        EV: 12    Int: 17    God:
Gold:   0          SH:  0    Dex: 14    Spells: 4/4 levels left

rFire   . . .      SeeInvis +   a - +1 dagger
rCold   . . .      Faith    .   (no shield)
rNeg    . . .      Spirit   .   b - +0 robe
rPois   .          Reflect  .   (no helmet)
rElec   .          Harm     .   (no cloak)
rCorr   .          Rampage  .   (no gloves)
Will    .....                   (no boots)
Stlth   +++.......              (no amulet)
HPRegen 0.24/turn               (no ring)
MPRegen 0.08/turn               (no ring)

@: lethally poisoned (-1 -> -8), healing quickly
A: alive, fangs 3, see invisible, vampiric 1
a: Exsanguinate


You were on level 3 of the Dungeon.
You visited 1 branch of the dungeon, and saw 3 of its levels.

Inventory:

Hand Weapons
 a - a +1 dagger (weapon)
Armour
 b - a +0 robe (worn)
Scrolls
 d - a scroll of teleportation {unknown}
 f - a scroll of identify {unknown}
 g - a scroll of vulnerability {unknown}
Potions
 c - a potion of invisibility
 e - a potion of curing {unknown}


   Skills:
 * Level 0.1 Fighting
 + Level 1.1 Short Blades
 + Level 2.2 Dodging
 * Level 4.4 Stealth
 - Level 2.0 Spellcasting
 + Level 4.4 Hexes


You had 4 spell levels left.
You didn't know any spells.
Your spell library contained the following spells:

 Spells                   Type           Power      Damage    Failure   Level
 Confusing Touch          Hex            16%        N/A       10%         3
 Tukima's Dance           Hex            16%        N/A       10%         3
 Ensorcelled Hibernation  Hex/Ice        18%        N/A       12%         2
 Dazzling Flash           Conj/Hex       18%        N/A       24%         3


Dungeon Overview and Level Annotations

Branches:
Dungeon (3/15)

Altars:


Innate Abilities, Weirdness & Mutations

Your natural rate of healing is accelerated.
You have razor-sharp teeth.
You have supernaturally acute eyesight. (SInv)
You are afflicted with vampirism.


Message History

Found an escape hatch in the ceiling.
There is an escape hatch in the ceiling here.
There is an escape hatch in the ceiling here.
e - a sapphire potion You open the door.
There is an open door here.
As you open the gate, it creaks loudly!
A worm comes into view.
You hear a bark!
You hear an angry hiss.
You hear a bark!
A jackal and an adder come into view.
A jackal comes into view.
Found a scroll labelled VOMURH MIWKU.
Found a stone staircase leading down.
You see here a scroll labelled XUEJU JUMAQUSS.
f - a scroll labelled XUEJU JUMAQUSS
Found a scroll labelled GIEBUPS CIKLOL.
The adder bites you but does no damage.
You see here a scroll labelled VOMURH MIWKU.
g - a scroll labelled VOMURH MIWKU The adder misses you. x2
The adder bites you. The adder barely misses you. The adder closely misses you.
There is a stone staircase leading down here.
The adder bites you.
You are poisoned.
The adder poisons you! The adder closely misses you.
You climb downwards.
You feel sick.
There is a stone staircase leading up here.
You barely miss the adder.
You feel sick. The adder closely misses you.
You hit the adder.
The adder is lightly wounded.
You feel sick. The adder bites you.
You hit the adder.
The adder is moderately wounded.
You feel sick. The adder bites you.
* * * LOW HITPOINT WARNING * * *
You are more poisoned.
The adder poisons you!
You barely miss the adder. You bite the adder.
The adder is severely wounded.
You die... ##### #@S.# ###.# #

You could see an adder.

Vanquished Creatures
  A quokka (D:2)
  A kobold (D:1)
2 creatures vanquished.

Notes
Turn   | Place    | Note
-------+----------+-------------------------------------------
     0 | D:1      | Hubjo the Vampire Enchanter began the quest for the Orb.
     0 | D:1      | Reached XP level 1. HP: 13/13 MP: 3/3
   207 | D:3      | Succumbed to an adder's poison

Illustrated notes

Levels and vault maps discovered:
D:1:      zelgadis_glass_arrival_small, layout_basic,
          nicolae_ecumenical_snake_handling, minmay_misc_feat_rugged
D:2:      cheibrodos_old_hovel, layout_loops_corners, kennysheep_cluttered_room,
          minmay_increasing_density
D:3:      layout_basic

Action                   || total
-------------------------++-------
Melee: Dagger            ||    15
       Punch             ||     1
       Bite              ||     1
Armor: Robe              ||     4
Dodge: Dodged            ||     8

Table legend: (Time is in decaauts)
 A = Elapsed time spent in this place.
 B = Non-inter-level travel time spent in this place.
 C = Inter-level travel time spent in this place.
 D = Time resting spent in this place.
 E = Time spent auto-exploring this place.
 F = Levels seen in this place.
 G = Mean time per level.
                   A        B        C        D        E       F      G
               +--------+--------+--------+--------+--------+-----+--------+
         Total |    205 |    201 |      4 |      0 |    125 |   3 |   68.3 |
       Dungeon |    205 |    201 |      4 |      0 |    125 |   3 |   68.3 |
               +--------+--------+--------+--------+--------+-----+--------+

Top non-repeatable levels by time:
     D:2: 132 daAuts
     D:1: 69 daAuts
     D:3: 3 daAuts
